 Dungeon Crawl Stone Soup version 0.30-a0-364-gf6b3ef1049 (webtiles) character file.

Game seed: 2027843582839902870

335 ytrimaz the Chopper (level 6, -1/70 HPs)
             Began as a Formicid Fighter on Nov 15, 2022.
             Slain by a gnoll
             ... wielding a +0 spear
             ... led by a gnoll bouda
              (2 damage)
             ... on level 4 of the Dungeon.
             The game lasted 00:03:23 (2852 turns).

ytrimaz the Chopper (Formicid Fighter)              Turns: 2852, Time: 00:03:24

Health: -1/70      AC: 23    Str: 23    XL:     6   Next: 84%
Magic:  5/5        EV:  2    Int:  7    God:
Gold:   178        SH:  0    Dex: 19    Spells: 5/5 levels left

rFire   . . .      SeeInvis .    a - +0 war axe (chaos)
rCold   . . .      Faith    .    e - +1 buckler "Qojahul" {rCorr Dex+6}
rNeg    . . .      Spirit   .    (body armour currently unavailable)
rPois   +          Reflect  .    (helmet unavailable)
rElec   .          Harm     .    (cloak currently unavailable)
rCorr   +          Rampage  .    (gloves currently unavailable)
Will    .....                    (boots currently unavailable)
Stlth   ++........               (no amulet)
HPRegen 0.31/turn                (no ring)
MPRegen 0.09/turn                (no ring)

@: mighty, tree-form, held
A: stationary, stasis, torment immunity, boosted hp, permanent stasis, dig
shafts and tunnels, (antennae 3), four strong arms, low MP 1, (poison
resistance)
a: no special abilities


You were on level 4 of the Dungeon.
You were a tree.
You visited 1 branch of the dungeon, and saw 4 of its levels.

You collected 178 gold pieces.


Innate Abilities, Weirdness & Mutations

You are a tree.
Your roots penetrate the ground, keeping you stationary.
You cannot be teleported.
You are immune to unholy pain and torment.
Your maximum health is greatly increased.
Your equipment is partially melded.
You cannot be hasted, slowed, berserked, paralysed or teleported.
You can dig through walls and to a lower floor.
((You have a pair of large antennae on your head. (SInv)))
Your four strong arms can wield two-handed weapons with a shield.
Your magical capacity is low. (-10% MP)
((Your system is resistant to poisons. (rPois)))


   Skills:
 - Level 3.2 Fighting
 * Level 5.6 Axes
 + Level 5.1 Armour
 - Level 4.0 Shields


You had 5 spell levels left.
You didn't know any spells.
Your spell library contained the following spells:

 Spells                   Type           Power      Damage    Failure   Level
 Apportation              Tloc           0%         N/A       50%         1
 Necrotise                Necr           0%         1d4       50%         1
 Summon Small Mammal      Summ           0%         N/A       50%         1
 Kindle Blastsparks       Fire/Tloc/Air  0%         2d10      86%         3
 Fulminant Prism          Conj/Hex       0%         3d5       99%         4
 Iskenderun's Mystic Bla  Conj/Tloc      0%         2d3       99%         4
 Lee's Rapid Deconstruct  Erth           0%         3d4*      100%        5

Inventory:

Hand Weapons
 a - a +0 war axe of chaos (weapon)
Missiles
 f - 4 javelins
 g - 6 curare-tipped darts
 j - 5 poisoned darts
Armour
 b - a +0 scale mail (melded)
 e - the +1 buckler "Qojahul" (worn) {rCorr Dex+6}
   (You acquired it on level 1 of the Dungeon)

   Dex:       It affects your dexterity (+6).
   rCorr:     It protects you from acid and corrosion.
 k - a +1 cloak (melded)
   (You found it on level 2 of the Dungeon)
Scrolls
 c - 2 scrolls of fear
 l - a scroll of identify
Potions
 d - a potion of might
 m - a potion of attraction {unknown}
 o - 2 potions of flight

Dungeon Overview and Level Annotations

Branches:
Dungeon (4/15) Zot: 21099
 Temple: D:4-7

Altars:
Elyvilon
Gozag
Uskayaw

Shops:
D:4

: #.⌠.⌠....#......# .#
#.[....#.#......##.#.#
..†∩..#......_..... .#
#........##......#...#
..⌠.⌠.##.##......# ..#
#.....##.####....#..#
###.#..#.####.####..#
#.##.........gggo.#
#.#..######...♣wgJ#
#....# ######g.# ....#
.... ..## ...# . ..#
.. .


You could see 5 gnolls, a dart slug, an orc and an endoplasm.


Message History

Unknown command.
The gnoll attacks as you move away! The gnoll misses you.
Your attacks no longer feel as feeble.
The gnoll bouda utters an invocation to its god.
The gnoll bouda is healed somewhat. 😱 HP[+1]
You feel much better. You block the gnoll's attack.
You block the gnoll bouda's attack. The gnoll closely misses you. 😮 HP[+25]
You regained 25 hp, and now have 35/47 hp.
You feel very mighty all of a sudden.
The gnoll bouda hits you but does no damage.
The gnoll barely misses you. The gnoll bouda closely misses you.
The gnoll hits you from afar with a +0 spear. 😮 HP[-5]
You take 5 damage, and now have 30/47 hp.
Unknown command.
You hit the gnoll bouda. You barely miss the gnoll bouda. You hit the gnoll.
The gnoll suddenly seems more agile.
The gnoll bouda calls upon its god to heal the gnoll.
The gnoll is healed somewhat.
The gnoll hits you with a +0 club.
The gnoll bouda gazes fiercely through you!
You feel your attacks grow feeble.
The gnoll bouda hits you but does no damage.
The gnoll hits you but does no damage.
You closely miss the gnoll bouda. You closely miss the gnoll.
You hit the gnoll bouda.
You kill the gnoll bouda!
The gnoll is no longer moving quickly.
The gnoll bouda barks out a call to the hunt!
The gnoll picks up the pace!
The gnoll hits you with a +0 club.
* * * LOW HITPOINT WARNING * * *
The gnoll hits you but does no damage.
The gnoll bouda hits you with a +0 whip.
* * * LOW HITPOINT WARNING * * *
You block the gnoll's attack. 😨 HP[-10]
You take 10 damage, and now have 20/47 hp.
MASSIVE DAMAGE!! (PAUSE)
You barely miss the gnoll bouda. You hit the gnoll but do no damage.
The gnoll is no longer moving quickly.
The gnoll bouda is no longer moving quickly.
The gnoll is no longer moving quickly. x3
An orc comes into view. It is wielding a +0 dagger.
The gnoll hits you with a +0 club.
* * * LOW HITPOINT WARNING * * *
The gnoll bouda hits you but does no damage.
The gnoll hits you from afar with a +0 spear.
* * * LOW HITPOINT WARNING * * *
😱 HP[-10]
You take 10 damage, and now have 10/47 hp.
MASSIVE DAMAGE!! (PAUSE)
You closely miss the gnoll. You barely miss the gnoll. You hit the gnoll bouda.
You freeze the gnoll bouda.
You kill the gnoll bouda!
You block the gnoll's attack. The gnoll hits you but does no damage.
The gnoll hits you from afar with a +0 spear.
* * * LOW HITPOINT WARNING * * *
The gnoll barely misses you.
An endoplasm comes into view.
The gnoll hits you but does no damage. The gnoll hits you with a +0 club.
* * * LOW HITPOINT WARNING * * *
😱 HP[-5]
You take 5 damage, and now have 5/47 hp.
Unknown command.
You slash the gnoll!
You kill the gnoll!
You hit the gnoll but do no damage.
The gnoll is poisoned.
You block the gnoll's attack. The gnoll hits you but does no damage.
The gnoll closely misses you. x2 😱 HP[+1] Unknown command.
Your attacks no longer feel as feeble.
You block the gnoll's attack. The gnoll hits you with a +0 club.
* * * LOW HITPOINT WARNING * * *
The gnoll barely misses you.
You see here a +0 club. 😱 HP[-4]
You take 4 damage, and now have 2/47 hp.
Unknown command.
Really quaff the potion of lignification?
You turn into a tree.
Your +1 cloak melds into your body.
Your +0 scale mail melds into your body.
Your roots penetrate the ground.
You block the gnoll's attack.
The gnoll hits you but does no damage. x2; The gnoll throws a throwing net.
The throwing net hits you.
You become entangled in the net!
The gnoll hits you but does no damage. 😱 HP[+2]
You now have 70 max hp (+23).
You regained 2 hp, and now have 4/70 hp.
You tear a large gash into the net.
The gnoll barely misses you.
The gnoll hits you but does no damage. x3
Unknown command.
You struggle against the net.
The gnoll hits you with a +0 spear.
* * * LOW HITPOINT WARNING * * *
The gnoll hits you but does no damage.
The gnoll hits you from afar with a +0 spear.
You die...

Skill      XL: |  1  2  3  4  5  6 |
---------------+-------------------+-----
Axes           | 3 4 5 |  5.6
Armour         | 4 5 |  5.1
Fighting       | |  3.2
Shields        | |  4.0

Action                   |  1- 3 |  4- 6 || total
-------------------------+-------+-------++-------
Melee: War axe           |    69 |    69 ||   138
  Use: Scroll            |     9 |     3 ||    12
       Potion            |       |     6 ||     6
Armor: Scale mail        |    27 |    30 ||    57
       Skin              |       |     8 ||     8
Dodge: Dodged            |    37 |    53 ||    90
Block: Buckler           |    33 |    48 ||    81

Levels and vault maps discovered:
D:1:      scummos_arrival_star, layout_basic
D:2:      layout_basic
D:3:      layout_loops_ring, elyvilon_altar_3, mainiacjoe_overflow_tiny_flanked
D:4:      layout_rooms, nicolae_overflow_crystal_walls,
          gammafunk_temple_overflow_wave, lightli_sewer_entry_pipes,
          nicolae_shop_vocational

Notes
Turn   | Place    | Note
-------+----------+-------------------------------------------
     0 | D:1      | ytrimaz the Formicid Fighter began the quest for the Orb.
     0 | D:1      | Reached XP level 1. HP: 18/18 MP: 1/1
     0 | D:1      | magus.rc [v1.9.6]
   171 | D:1      | Reached XP level 2. HP: 21/24 MP: 2/2
   437 | D:1      | You pick up a book of Blasting and begin reading...
   437 | D:1      | You add the spells Kindle Blastsparks, Fulminant Prism,
                  | Iskenderun's Mystic Blast and Lee's Rapid Deconstruction to
                  | your library.
   600 | D:1      | Identified a scroll of acquirement
   600 | D:1      | Acquired the +1 buckler "Qojahul" {rCorr Dex+6}
  1039 | D:2      | Reached XP level 3. HP: 27/29 MP: 3/3
  1040 | D:2      | Reached skill level 3 in Axes
  1116 | D:2      | You pick up a book of Cantrips and begin reading...
  1116 | D:2      | You add the spells Necrotise, Summon Small Mammal and
                  | Apportation to your library.
  1777 | D:3      | Reached XP level 4. HP: 35/35 MP: 4/4
  1822 | D:3      | Noticed a scorpion
  1837 | D:3      | HP: 7/35 [scorpion (5)]
  1839 | D:3      | Gained mutation: Your magical capacity is low. (-10% MP)
                  | [potion of mutation]
  1839 | D:3      | Gained mutation: Your system is resistant to poisons.
                  | (rPois) [potion of mutation]
  1839 | D:3      | HP: 3/35 [poisoned by a scorpion]
  1840 | D:3      | Killed a scorpion
  1841 | D:3      | Reached skill level 4 in Axes
  1841 | D:3      | Reached skill level 4 in Armour
  1841 | D:3      | Reached XP level 5. HP: 4/41 MP: 4/4
  2173 | D:3      | Found a white marble altar of Elyvilon.
  2190 | D:3      | Found a hide-covered altar of Uskayaw.
  2214 | D:3      | HP: 7/41 [gnoll/+0 flail[a gnoll bouda] (5)]
  2218 | D:3      | Reached XP level 6. HP: 9/47 MP: 5/5
  2750 | D:4      | Reached skill level 5 in Axes
  2752 | D:4      | Found Eczuco's Vocational Training.
  2787 | D:4      | Found an opulent altar of Gozag.
  2837 | D:4      | Reached skill level 5 in Armour
  2840 | D:4      | HP: 9/47 [gnoll bouda/+0 whip (8)]
  2846 | D:4      | HP: 10/47 [gnoll/+0 spear[a gnoll bouda] (5)]
  2849 | D:4      | HP: 2/47 [gnoll/+0 club[a gnoll bouda] (4)]
  2852 | D:4      | Slain by a gnoll

Vanquished Creatures
  A scorpion (D:3)
  3 gnoll boudas
  2 iguanas (D:4)
  6 gnolls
  3 adders
  2 dart slugs
  2 orcs (D:4)
  3 bats
  5 endoplasms (D:2)
  2 giant cockroaches (D:1)
  2 goblins
  4 hobgoblins
  3 jackals (D:4)
  3 quokkas
  4 ball pythons
  5 frilled lizards
  3 kobolds
  4 rats
57 creatures vanquished.

Table legend:
 A = Non-vault XP
 B = Vault XP
 C = Vault XP percentage of total XP
 D = Non-vault monster count
 E = Vault monster count
 F = Vault count percentage of total count
                 A         B        C        D         E       F
            +---------+---------+-------+---------+---------+-------
      Total |     479 |       0 |   0.0 |      57 |       0 |   0.0
            +---------+---------+-------+---------+---------+-------
        D:1 |      17 |       0 |   0.0 |      12 |       0 |   0.0
        D:2 |      50 |       0 |   0.0 |      17 |       0 |   0.0
        D:3 |     210 |       0 |   0.0 |      14 |       0 |   0.0
        D:4 |     202 |       0 |   0.0 |      14 |       0 |   0.0
            +---------+---------+-------+---------+---------+-------

Illustrated notes

Table legend:
 A = Kills in this place as a percentage of kills in entire the game.
 B = Kills by you in this place as a percentage of kills by you in the entire game.
 C = Kills by friends in this place as a percentage of kills by friends in the entire game.
 D = Other kills in this place as a percentage of other kills in the entire game.
 E = Experience gained in this place as a percentage of experience gained in the entire game.
 F = Experience gained in this place divided by the number of levels of this place that you have seen.
                   A       B       C       D       E      F
               +-------+-------+-------+-------+-------+----------------------
         Total | 100.0 | 100.0 |   N/A |   N/A | 100.0 | 119.8
       Dungeon | 100.0 | 100.0 |   N/A |   N/A | 100.0 | 119.8
               +-------+-------+-------+-------+-------+----------------------

Table legend: (Time is in decaauts)
 A = Elapsed time spent in this place.
 B = Non-inter-level travel time spent in this place.
 C = Inter-level travel time spent in this place.
 D = Time resting spent in this place.
 E = Time spent auto-exploring this place.
 F = Levels seen in this place.
 G = Mean time per level.
                   A        B        C        D        E       F      G
               +--------+--------+--------+--------+--------+-----+--------+
         Total |   2899 |   2783 |    116 |    134 |   2186 |   4 |  724.8 |
       Dungeon |   2899 |   2783 |    116 |    134 |   2186 |   4 |  724.8 |
               +--------+--------+--------+--------+--------+-----+--------+

Top non-repeatable levels by time:
     D:2: 1053 daAuts
     D:3: 967 daAuts
     D:1: 744 daAuts
     D:4: 133 daAuts
